 Dungeon Crawl Stone Soup version 0.20-a0-15-g26ddc15 (webtiles) character file.

41 Gorice the Vexing (level 3, 0/29 HPs)
             Began as a Demonspawn Enchanter on Nov 3, 2016.
             Succumbed to an adder's poison
             ... on level 2 of the Dungeon.
             The game lasted 00:03:50 (1325 turns).

Gorice the Vexing (Demonspawn Enchanter)            Turns: 1325, Time: 00:03:51

Health: 0/29       AC:  5    Str:  9    XL:     3   Next: 32%
Magic:  6/6        EV: 12    Int: 18    God:
Gold:   25         SH:  0    Dex: 13    Spells: 1 memorised, 5 levels left

rFire  . . .     SeeInvis .     a - +1 dagger
rCold  . . .     Gourm    .     b - +1 robe
rNeg   . . .     Faith    .     (no shield)
rPois  .         Spirit   .     (helmet restricted)
rElec  .         Reflect  .     (no cloak)
rCorr  .         Harm     .     (no gloves)
MR     .....                    (no boots)
Stlth  ++........               (no amulet)
                                (no ring)
                                j - +2 ring of intelligence

@: lethally poisoned (0 -> -4)
A: antennae 1, iridescent scales 1
a: no special abilities


You were on level 2 of the Dungeon.
You were hungry.

You visited 1 branch of the dungeon, and saw 2 of its levels.

You collected 25 gold pieces.

Inventory:

Hand Weapons
 a - a +1 dagger (weapon)
 e - a +0 short sword
Missiles
 k - 19 poisoned needles
 Y - 2 throwing nets
 Z - 83 stones (quivered)
Armour
 b - a +1 robe (worn)
Jewellery
 j - a +2 ring of intelligence (left hand)
Scrolls
 i - 3 scrolls of identify
Books
 c - a book of Maledictions
Comestibles
 d - a bread ration {!e}
 f - 2 chunks of flesh
 h - a meat ration {!e}


   Skills:
 + Level 3.0 Fighting
 - Level 0.8 Short Blades
 - Level 1.7 Dodging
 - Level 2.6 Stealth
 - Level 2.0 Spellcasting
 - Level 3.0 Hexes


You had 5 spell levels left.
You knew the following spells:

 Your Spells              Type           Power        Failure   Level  Hunger
a - Corona                Hex            ##.....      6%          1    #......


Dungeon Overview and Level Annotations

Branches:
Dungeon (2/15)

Altars:
Hepliaklqana

Annotations:
D:2 Sigmund


Innate Abilities, Weirdness & Mutations

You have a pair of small antennae on your head.
You are partially covered in iridescent scales. (AC +2)


Message History

There is a lethal amount of poison in your body!
There is a lethal amount of poison in your body!
There is a lethal amount of poison in your body!
There is a lethal amount of poison in your body!
There is a lethal amount of poison in your body!
There is a lethal amount of poison in your body!
As you read the scroll labeled VELOMUMOOR, it crumbles to dust.
You feel blessed for a moment.
It was a scroll of remove curse.
* * * LOW HITPOINT WARNING * * *
You feel sick.
Unknown command.
As you read the scroll labeled FUCKUE PITA, it crumbles to dust.
It is a scroll of identify.
l - a scroll of teleportation
* * * LOW HITPOINT WARNING * * *
You feel sick.
Damage: 1 (max 5) Really read
l - a scroll of teleportation {!r}?
As you read the scroll of teleportation {!r}, it crumbles to dust.
You feel strangely unstable.
There is a lethal amount of poison in your body!
* * * LOW HITPOINT WARNING * * *
You feel sick.
Damage: 1 (max 5)
Your surroundings suddenly seem different.
* * * LOW HITPOINT WARNING * * *
You feel sick.
A goblin comes into view. It is wielding a dagger.
Damage: 1 (max 5)
A kobold comes into view. It is wielding a short sword.
You are feeling hungry.
Found a short sword.
* * * LOW HITPOINT WARNING * * *
You feel sick.
Damage: 1 (max 5)
* * * LOW HITPOINT WARNING * * *
You feel sick.
Damage: 1 (max 5)
* * * LOW HITPOINT WARNING * * *
You feel sick.
Damage: 1 (max 5)
The goblin shouts!
The goblin misses you. The kobold closely misses you.
Unknown command.
* * * LOW HITPOINT WARNING * * *
You feel sick.
* * * LOW HITPOINT WARNING * * *
You feel sick.
Damage: 1 (max 5)
You die...

....### ...... ##
#...# .. #. #...####
... #. #......#
....#.# #...)..#
....##.##......#
............K.@#
.#..........g.........
...............#######
####.#.........#
#.....#######
##.......# #.......#
............#
............#


You could see a goblin and a kobold.

Vanquished Creatures
  An adder (D:2)
  A dart slug (D:1)
  A bat (D:1)
  2 giant cockroaches (D:1)
  7 goblins (D:1)
  3 hobgoblins (D:1)
  3 jackals (D:1)
  A frilled lizard (D:1)
  4 kobolds (D:1)
  4 rats (D:1)
27 creatures vanquished.

Notes
Turn   | Place    | Note
-------+----------+-------------------------------------------
     0 | D:1      | Gorice the Demonspawn Enchanter began the quest for the Orb.
     0 | D:1      | Reached XP level 1. HP: 13/13 MP: 3/3
   113 | D:1      | Reached skill level 1 in Fighting
   187 | D:1      | Gained mutation: You are partially covered in iridescent scales. (AC +2) [demonic ancestry]
   187 | D:1      | Reached XP level 2. HP: 16/21 MP: 5/5
   299 | D:1      | Reached skill level 2 in Fighting
   801 | D:1      | Gained mutation: You have a pair of small antennae on your head. [demonic ancestry]
   801 | D:1      | Reached XP level 3. HP: 21/28 MP: 6/6
  1163 | D:2      | Noticed Sigmund
  1284 | D:2      | Found a hazy altar of Hepliaklqana.
  1307 | D:2      | Reached skill level 3 in Fighting
  1307 | D:2      | HP: 8/29 [poisoned by an adder]
  1312 | D:2      | HP: 5/29 [poisoned by an adder]
  1317 | D:2      | HP: 2/29 [poisoned by an adder]
  1322 | D:2      | HP: 1/29 [poisoned by an adder]
  1325 | D:2      | Succumbed to an adder's poison

Vault maps used:
D:1:      minmay_arrival_up_and_down, minmay_misc_feat_secret_circle,
          minmay_tetromino_o4
D:2:      marbit_many_paths, lemuel_crystal_altar, minmay_distorted,
          uniq_sigmund, uniq_iyjb, uniq_terence

Skill      XL: |  1  2  3 |
---------------+----------+-----
Fighting       | 1 2 3 |  3.0
Short Blades   | |  0.8
Dodging        | |  1.7
Stealth        | |  2.6
Spellcasting   | |  2.0
Hexes          | |  3.0

Action                   || total
-------------------------++-------
Melee: Dagger            ||   114
 Cast: Corona            ||     9
  Use: Scroll            ||     3
 Stab: Sleeping          ||     2
       Distracted        ||     1
  Eat: Chunk             ||     1
Armor: Robe              ||    22
Dodge: Dodged            ||    69

Table legend:
 A = Turns spent in this place as a percentage of turns spent in the entire game.
 B = Non-inter-level travel turns spent in this place as a percentage of non-inter-level travel turns spent in the entire game.
 C = Inter-level travel turns spent in this place as a percentage of turns spent in this place.
 D = Turns resting spent in this place as a percentage of non-inter-level travel turns spent in this place.
 E = Turns spent auto-exploring this place as a percentage of non-inter-level travel turns spent in this place.
 F = Non-inter-level travel turns spent in this place divided by the number of levels of this place that you've seen.
                   A       B       C       D       E      F
               +-------+-------+-------+-------+-------+----------------------
         Total | 100.0 | 100.0 |   0.2 |   1.6 |   5.4 | 220.5
       Dungeon | 100.0 | 100.0 |   0.2 |   1.6 |   5.4 | 220.5
               +-------+-------+-------+-------+-------+----------------------

Vault maps used:
D:1:      minmay_arrival_up_and_down, minmay_misc_feat_secret_circle,
          minmay_tetromino_o4
D:2:      marbit_many_paths, lemuel_crystal_altar, minmay_distorted,
          uniq_sigmund, uniq_iyjb, uniq_terence
